 Dungeon Crawl Stone Soup version 0.28-a0-409-g6a72785379 (webtiles) character file.

Game seed: 11979789023422074154

619256 Decipherer the Slayer (level 26, -7/257 HPs)
             Began as a Minotaur Berserker on Sept 6, 2021.
             Was a High Priest of Trog.
             Mangled by a large slime creature (21 damage)
             ... on level 4 of the Pits of Slime.
             The game lasted 03:36:55 (64091 turns).

Decipherer the Slayer (Minotaur Berserker)         Turns: 64091, Time: 03:36:56

Health: -7/257     AC: 25    Str: 24 (25) XL:     26   Next: 98%
Magic:  0/17       EV: 14    Int:  8 (9)  God:    Trog [*****.]
Gold:   3300       SH: 29    Dex: 20 (22) Spells: 25/25 levels left

rFire   + . .      SeeInvis .   F - +9 eveningstar (drain)
rCold   + + .      Faith    .   U - +4 tower shield {rC+}
rNeg    + . .      Spirit   .   s - +3 gold dragon scales
rPois   +          Reflect  .   Y - +2 hat
rElec   +          Harm     .   K - scarf {repulsion}
rCorr   +          Rampage  .   r - +0 pair of gloves of the Moon Troll {Int+5}
Will    ++...      Rnd*Rage +   V - +0 pair of boots of the Vaults {Contam rPois Dex+3}
Stlth   ..........              h - amulet of regeneration
HPRegen 1.52/turn               G - ring "Alefrem" {rElec rN+ Slay+5}
MPRegen 0.15/turn               N - ring of resist corrosion

@: engulfed (cannot breathe), on berserk cooldown, studying 2 skills, repel
missiles
A: horns 2, retaliatory headbutt, thin skeletal structure 1, berserk 1, deformed
body, deterioration 2, low mp 2, strong-willed 1, weak 1, subdued magic 1
}: 3/15 runes: serpentine, barnacled, silver
a: Renounce Religion, Berserk, Trog's Hand, Brothers in Arms


You were on level 4 of the Pits of Slime.
You worshipped Trog.
Trog was extremely pleased with you.
You visited 10 branches of the dungeon, and saw 51 of its levels.
You visited the Abyss 2 times.
You also visited: Sewer, Bailey, Ice Cave and Volcano.

You collected 9401 gold pieces.
You spent 6101 gold pieces at shops.

Inventory:

Hand Weapons
 F - a +9 eveningstar of draining (weapon)
Missiles
 a - 22 poisoned darts
 u - 24 javelins
 v - 9 throwing nets (quivered)
 T - 4 silver javelins
 Z - 8 curare-tipped darts
Armour
 r - the +0 pair of gloves of the Moon Troll (worn) {Int+5}
   (You found it on level 3 of the Elven Halls)

   Int:       It affects your intelligence (+5).
 s - +3 gold dragon scales (worn)
 K - a scarf of repulsion (worn)
 U - a +4 tower shield of cold resistance (worn)
 V - the +0 pair of boots of the Vaults (worn) {Contam rPois Dex+3}
   (You found it on level 12 of the Dungeon)

   Dex:       It affects your dexterity (+3).
   rPois:     It protects you from poison.
   Contam:    It causes magical contamination when unequipped.
 Y - a +2 hat (worn)
Jewellery
 h - an amulet of regeneration (around neck)
 G - the ring "Alefrem" (left hand) {rElec rN+ Slay+5}
   (You found it on level 1 of the Vaults)

   [ring of positive energy]

   Slay:      It affects your accuracy & damage with ranged weapons and melee
   (+5).
   rElec:     It insulates you from electricity.
   rN:        It protects you from negative energy.
 L - the ring "Xavvoib" {*Corrode Will+ Str+6 Slay+4}
   (You found it on level 14 of the Dungeon)

   [ring of slaying]

   Str:       It affects your strength (+6).
   Slay:      It affects your accuracy & damage with ranged weapons and melee
   (+4).
   *Corrode:  It may corrode you when you take damage.
   Will:      It increases your willpower.
 N - a ring of resist corrosion (right hand)
Wands
 c - a wand of digging (40)
 j - a wand of paralysis (67)
 y - a wand of iceblast (34)
 C - a wand of polymorph (40)
 J - a wand of mindburst (60)
 M - a wand of flame (125)
 O - a wand of charming (5)
 S - a wand of acid (59)
Scrolls
 e - 10 scrolls of magic mapping
 g - 2 scrolls of fear
 n - 7 scrolls of immolation
 o - 5 scrolls of summoning
 E - 6 scrolls of fog
 H - 3 scrolls of silence
 I - 9 scrolls of teleportation
 P - 3 scrolls of blinking
 R - a scroll of holy word
Potions
 b - a potion of heal wounds
 f - 5 potions of invisibility
 i - 15 potions of curing
 l - 14 potions of might
 p - 8 potions of haste
 q - 8 potions of cancellation
 w - 7 potions of flight
 x - 2 potions of ambrosia
Miscellaneous
 d - a lightning rod (4/4)
 k - a phantom mirror
 m - a phial of floods
 A - a condenser vane
 B - a tin of tremorstones (2/2)
 D - a piece from Xom's chessboard (15/15)
 Q - a box of beasts


   Skills:
 + Level 24.9 Fighting
 + Level 23.2 Maces & Flails
 + Level 21.5 Throwing
 + Level 19.5 Armour
 * Level 16.7 Dodging
 * Level 15.8 Stealth
 + Level 23.5 Shields
 + Level 1.9 Evocations


You had 25 spell levels left.
You didn't know any spells.
Your spell library contained the following spells:

 Spells                   Type           Power      Damage    Failure   Level
 Animate Skeleton         Necr           0%         N/A       100%        1
 Apportation              Tloc           0%         N/A       100%        1
 Beastly Appendage        Tmut           0%         N/A       100%        1
 Pain                     Necr           0%         1d4       100%        1
 Sandblast                Erth           0%         2d4       100%        1
 Summon Small Mammal      Summ           0%         N/A       100%        1
 Blink                    Tloc           N/A        N/A       100%        2
 Corpse Rot               Necr/Air       N/A        N/A       100%        2
 Ensorcelled Hibernation  Hex/Ice        0%         N/A       100%        2
 Passwall                 Tmut/Erth      0%         N/A       100%        2
 Static Discharge         Conj/Air       0%         N/A       100%        2
 Sublimation of Blood     Necr           0%         N/A       100%        2
 Wereblood                Tmut           0%         N/A       100%        2
 Dazzling Flash           Conj/Hex       0%         N/A       100%        3
 Frozen Ramparts          Ice            0%         1d2       100%        3
 Gell's Gravitas          Tloc           0%         N/A       100%        3
 Ignite Poison            Fire/Tmut/Pois 0%         N/A       100%        3
 Lesser Beckoning         Tloc           0%         N/A       100%        3
 Ozocubu's Armour         Ice            0%         N/A       100%        3
 Spider Form              Tmut/Pois      0%         N/A       100%        3
 Stone Arrow              Conj/Erth      0%         3d7       100%        3
 Summon Guardian Golem    Hex/Summ       0%         N/A       100%        3
 Swiftness                Air            0%         N/A       100%        3
 Teleport Other           Tloc           0%         N/A       100%        3
 Tukima's Dance           Hex            0%         N/A       100%        3
 Animate Armour           Summ/Erth      0%         N/A       100%        4
 Animate Dead             Necr           0%         N/A       100%        4
 Dispel Undead            Necr           0%         3d6       100%        4
 Fulminant Prism          Conj/Hex       0%         3d6       100%        4
 Ice Form                 Ice/Tmut       0%         N/A       100%        4
 Iskenderun's Mystic Bla  Conj/Tloc      0%         2d3       100%        4
 Leda's Liquefaction      Hex/Erth       0%         N/A       100%        4
 Passage of Golubria      Tloc           N/A        N/A       100%        4
 Petrify                  Tmut/Erth      0%         N/A       100%        4
 Summon Ice Beast         Ice/Summ       0%         N/A       100%        4
 Summon Lightning Spire   Summ/Air       0%         N/A       100%        4
 Agony                    Necr           0%         N/A       100%        5
 Blade Hands              Tmut           0%         N/A       100%        5
 Borgnjor's Vile Clutch   Necr/Erth      0%         N/A       100%        5
 Excruciating Wounds      Necr           0%         N/A       100%        5
 Fireball                 Conj/Fire      0%         3d3       100%        5
 Irradiate                Conj/Tmut      0%         3d13      100%        5
 Iskenderun's Battlesphe  Conj           0%         2d6       100%        5
 Lee's Rapid Deconstruct  Erth           0%         3d5*      100%        5
 Lightning Bolt           Conj/Air       0%         1d11      100%        5
 Manifold Assault         Tloc           0%         N/A       100%        5
 Metabolic Englaciation   Hex/Ice        0%         N/A       100%        5
 Summon Forest            Summ/Tloc      0%         N/A       100%        5
 Yara's Violent Unravell  Hex/Tmut       0%         3d3       100%        5
 Conjure Ball Lightning   Conj/Air       0%         3x3d6     100%        6
 Death Channel            Necr           0%         N/A       100%        6
 Dispersal                Tloc           0%         N/A       100%        6
 Eringya's Noxious Bog    Tmut/Pois      0%         N/A       100%        6
 Invisibility             Hex            0%         N/A       100%        6
 Iron Shot                Conj/Erth      0%         9d1       100%        6
 Simulacrum               Ice/Necr       0%         N/A       100%        6
 Starburst                Conj/Fire      0%         6d3       100%        6
 Statue Form              Tmut/Erth      0%         N/A       100%        6
 Dragon Form              Tmut           0%         N/A       100%        7
 Haunt                    Necr/Summ      0%         N/A       100%        7
 Malign Gateway           Summ/Tloc      0%         N/A       100%        7
 Orb of Destruction       Conj           0%         N/A       100%        7
 Spellforged Servitor     Conj/Summ      0%         N/A       100%        7
 Summon Hydra             Summ           0%         N/A       100%        7
 Borgnjor's Revivificati  Necr           0%         N/A       100%        8
 Infestation              Necr           0%         N/A       100%        8
 Lehudib's Crystal Spear  Conj/Erth      0%         10d2      100%        8
 Maxwell's Capacitive Co  Air            0%         ∞         100%        8
 Necromutation            Tmut/Necr      0%         N/A       100%        8
 Death's Door             Necr           0%         N/A       100%        9


Dungeon Overview and Level Annotations

Branches:
Dungeon (15/15)            Temple (0/1) D:4            Lair (6/6) D:11
 Shoals (4/4) Lair:4        Snake (4/4) Lair:2        Slime (5/5) Lair:5
    Orc (2/2) D:10            Elf (3/3) Orc:2        Vaults (5/5) D:14
  Crypt (2/3) Vaults:3     Depths (5/5) D:15            Zot (0/5) Depths:5
  Sewer (visited)          Bailey (visited)           IceCv (visited)
Volcano (visited)

Altars:
Elyvilon
Kikubaaqudgha
Vehumet
Yredelemnul
Zin
The Shining One
Jiyva
Lugonu

Shops:
D:5 *   D:6 ?[   D:12 ([::   Orc:2 *=[=?   Elf:2 (   Vaults:1 (   Vaults:4 *
Depths:1 !   Depths:5 ::=

Portals:
Hell: Depths:1 Depths:2 Depths:3 Depths:4 Depths:5
Abyss: Lair:6 Snake:2 Depths:4
Pandemonium: Depths:1 Depths:3 Depths:4 Depths:5
Ziggurat: Depths:4
Trove: Elf:2 (give 4 scrolls of blinking)

Annotations:
D:9 Prince Ribbit
Shoals:2 2 runed translucent doors, McIrco's ghost, journeyman MiFi
Slime:5 Royal Jelly


Innate Abilities, Weirdness & Mutations

You have a pair of horns on your head.
You reflexively headbutt those who attack you in melee.
You have a somewhat thin skeletal structure. (Dex +2, Stealth+)
You tend to lose your temper in combat.
Armour fits poorly on your strangely shaped body.
Your body often deteriorates upon taking damage.
Your magical capacity is very low. (-20% MP)
You are strong-willed. (Will+)
You are weak. (Str -2)
Your spells are a little easier to cast, but a little less powerful.


Message History

* * * LOW HITPOINT WARNING * * *
You block the large slime creature's attack.
You block the quicksilver ooze's attack.
The quicksilver ooze hits you but does no damage.
The slime creature closely misses you. You furiously retaliate!
You headbutt the slime creature! You block the slime creature's attack.
You hit the eye of devastation. You drain the eye of devastation.
You headbutt the eye of devastation, but do no damage.
The eye of devastation is moderately wounded.
* * * LOW HITPOINT WARNING * * *
Your lungs strain for air!
The quicksilver ooze closely misses you.
You furiously retaliate!
You headbutt the quicksilver ooze. The quicksilver ooze hits you.
* * * LOW HITPOINT WARNING * * *
You feel your power leaking away. You block the slime creature's attack.
You block the large slime creature's attack.
You block the slime creature's attack. The slime creature hits you!
* * * LOW HITPOINT WARNING * * *
The quicksilver ooze hits you!
* * * LOW HITPOINT WARNING * * *
The quicksilver ooze hits you!
* * * LOW HITPOINT WARNING * * *
You feel your power leaking away.
You can't go up here!
You feel yourself speed up.
* * * LOW HITPOINT WARNING * * *
Your lungs strain for air!
You block the quicksilver ooze's attack. x2
You block the slime creature's attack. The large slime creature hits you.
* * * LOW HITPOINT WARNING * * *
Two slime creatures merge to form an enormous slime creature.
The slime creature hits you!
* * * LOW HITPOINT WARNING * * *
You block the slime creature's attack. The quicksilver ooze hits you.
You block the quicksilver ooze's attack.
The slime creature hits you but does no damage.
The large slime creature hits you!!
You die...

............
##...........
##...........
#..........#
#..........##
#......JJ...##
..#...JJJ.....#
.......@J......
..#....JG.....#
#.#...#.....#
#.............
....... .....
##.###....#.#.
## #### ###


You could see an enormous slime creature, 2 large slime creatures, 3 slime
creatures, an eye of devastation (drained) and a quicksilver ooze.

Vanquished Creatures
  5 dread liches
  An ancient lich (Vaults:5)
  A caustic shrike (Depths:3)
  Nikola (Shoals:4)
  5 golden dragons
  The ghost of Majang the Severer, a veteran FoFi of Okawaru (Vaults:1)
  2 bone dragons (Depths:5)
  A Brimstone Fiend (D:14)
  4 tentacled monstrosities
  A shard shrike zombie (Abyss:2)
  Jorgrun (Elf:1)
  A deep elf blademaster (Elf:3)
  A lich (Depths:4)
  2 deep elf master archers (Elf:3)
  2 quicksilver dragons
  9 titans
  11 acid blobs
  8 sphinxes
  Frances (Elf:1)
  4 tentacled starspawn
  12 tengu reavers
  7 shadow dragons
  A revenant (Abyss:2)
  4 azure jellies
  Donald (Shoals:4)
  7 storm dragons
  13 nagarajas
  16 frost giants
  3 rockslimes
  7 fire giants
  Aizul (Snake:4)
  A draconian knight (Depths:5)
  A cacodemon (Snake:2)
  An orc warlord (Vaults:4)
  7 deep elf sorcerers
  5 deep elf elementalists
  A draconian shifter (Depths:5)
  5 balrugs
  6 iron dragons
  11 vault wardens
  A caustic shrike zombie (Crypt:1)
  7 ghouls
  A juggernaut skeleton (Depths:4)
  A war gargoyle (Vaults:4)
  A reaper (Depths:3)
  3 quicksilver oozes
  A juggernaut zombie (Crypt:2)
  22 ironbound preservers
  2 spriggan defenders (Depths:4)
  21 stone giants
  35 very ugly things
  The ghost of KARABOGA the Tortoise, a journeyman MiBe of Trog (D:14)
  A green draconian (Depths:5)
  7 vampire knights
  9 deep elf annihilators
  8 deep elf demonologists
  A minotaur (shapeshifter) (Depths:3)
  2 red draconians (Depths:5)
  19 spark wasps
  A purple draconian (Depths:5)
  A black draconian (Depths:5)
  3 minotaurs (Shoals:4)
  An entropy weaver (Vaults:3)
  5 dire elephants
  2 white draconians (Depths:5)
  The ghost of Wuw Late the Geomancer, a journeyman GrEE of Vehumet (Lair:2)
  A merfolk javelineer (Depths:1)
  25 ettins
  The ghost of Kala the Geomancer, a journeyman GrEE of Vehumet (Snake:2)
  A jiangshi (Crypt:2)
  6 deep elf death magi
  6 deep elf high priests
  A blizzard demon (Depths:3)
  5 merfolk impalers
  18 yaktaur captains
  12 fire dragons
  5 ice dragons
  7 rakshasas
  21 naga warriors
  12 great orbs of eyes
  4 boulder beetles
  11 ironbound thunderhulks
  9 hydras
  A hell beast (Depths:3)
  2 salamander tyrants (Snake:4)
  35 vault guards
  6 spriggan air magi
  4 centaur warriors
  A catoblepas (Lair:6)
  5 ironbound frosthearts
  7 ogre magi
  6 satyrs (Shoals:4)
  28 two-headed ogres
  29 dancing weapons
  7 anacondas
  A death knight (D:13)
  5 deep troll shamans
  A death yak (Lair:6)
  4 hell hogs
  A merfolk aquamancer (Lair:4)
  11 naga sharpshooters
  11 tengu warriors
  An orc high priest (Elf:3)
  A titan zombie (Depths:2)
  5 thrashing horrors
  5 ironbound beastmasters
  10 deep troll earth magi
  2 soul eaters (Depths:5)
  3 spriggan berserkers (Depths:4)
  6 shock serpents
  3 hell knights
  A titan skeleton (Depths:4)
  14 skeletal warriors
  22 deep elf knights
  2 sixfirhies
  A wretched star (Abyss:2)
  A spatial maelstrom (Abyss:2)
  14 iron trolls
  6 sea snakes
  2 glowing orange brains
  12 deep elf archers
  6 salamander mystics
  6 flayed ghosts
  2 lindwurms
  4 bog bodies
  6 starcursed masses (Abyss:2)
  4 naga ritualists
  62 deep trolls
  18 wizards
  16 ironbound convokers
  2 mana vipers (shapeshifter)
  28 harpies
  2 orb spiders (shapeshifter)
  5 necromancers
  6 phantasmal warriors
  An anaconda skeleton (Crypt:1)
  27 deep elf pyromancers
  27 deep elf zephyrmancers
  An orb spider (Abyss:2)
  14 mana vipers
  4 orc knights
  A wolf spider (shapeshifter) (Depths:1)
  The ghost of szszszsz the Slasher, a novice DsFi of Uskayaw (D:6)
  6 salamanders
  2 oklob plants (D:11)
  12 manticores
  2 orc sorcerers
  6 cyclopes
  A stone giant zombie (Depths:2)
  A salamander (shapeshifter) (Depths:4)
  60 ugly things
  17 fauns
  A cyclops (shapeshifter) (Elf:3)
  A moth of wrath (shapeshifter) (Lair:6)
  3 shining eyes
  3 worldbinders
  3 merfolk sirens
  6 water nymphs
  A frost giant zombie (Depths:4)
  7 elephants
  2 rust devils (Depths:5)
  36 black mambas
  A water nymph (shapeshifter) (Vaults:4)
  5 smoke demons
  An ice statue (IceCv)
  A torpor snail (Lair:6)
  3 orange demons
  An eye of devastation (shapeshifter) (D:12)
  An apocalypse crab (Abyss:2)
  7 guardian serpents
  10 cane toads
  3 eyes of devastation
  18 vault sentinels
  17 naga magi
  3 gargoyles
  A pale draconian zombie (Crypt:1)
  3 kobold demonologists
  A hellion (Depths:5)
  A cane toad (shapeshifter) (Elf:2)
  3 rime drakes
  Maggie (D:10)
  6 freezing wraiths
  9 komodo dragons
  22 yaktaurs
  2 hellwings
  7 ancient zymes
  An entropy weaver simulacrum (IceCv)
  A yaktaur (shapeshifter) (Vaults:5)
  3 ice devils
  A demonic crawler (Abyss:2)
  A komodo dragon (shapeshifter) (D:14)
  A black draconian skeleton (Crypt:1)
  A hydra zombie (Crypt:1)
  6 tengu conjurers
  12 trolls
  3 polar bears
  A meliai (shapeshifter) (Abyss:2)
  3 meliai (D:14)
  2 red devils
  17 merfolk
  A queen bee (D:11)
  A tyrant leech (shapeshifter) (Depths:1)
  A raiju (shapeshifter) (D:14)
  3 hornets
  A guardian serpent zombie (Crypt:1)
  7 wind drakes
  15 blink frogs
  8 raiju
  A meliai zombie (D:11)
  6 dream sheep
  7 snapping turtles
  95 slime creatures
  2 centaur simulacra
  A guardian serpent skeleton (Crypt:1)
  2 spriggans
  3 ynoxinuls
  4 flying skulls (Crypt:1)
  2 shadows
  19 water elementals
  2 air elementals (Elf:3)
  11 large abominations
  A dire elephant simulacrum (IceCv)
  3 vampires
  3 fire elementals
  4 basilisks
  A wraith (D:12)
  8 wyverns
  11 fire bats
  38 yaks
  3 neqoxecs
  4 golden eyes (Slime:1)
  A steam dragon (shapeshifter) (D:14)
  A yak (shapeshifter) (Vaults:5)
  7 chaos spawn
  11 vampire mosquitoes
  A harpy simulacrum (IceCv)
  3 death yak simulacra (IceCv)
  2 wargs
  4 swamp worms (D:14)
  36 nagas
  2 acid dragons (D:11)
  A merfolk zombie (Crypt:1)
  14 water moccasins
  16 orc warriors
  2 sky beasts
  A black bear (Lair:1)
  3 ice beasts
  24 ogres
  6 necrophages
  10 centaurs
  3 wolves (Lair:3)
  7 boggarts
  2 phantoms
  10 kobold brigands
  7 bullfrogs
  3 earth elementals
  2 gnoll sergeants
  4 scorpions
  A two-headed ogre simulacrum (IceCv)
  A water moccasin zombie (D:7)
  4 cane toad simulacra (IceCv)
  A yaktaur skeleton (Crypt:2)
  A water moccasin skeleton (D:3)
  A troll zombie (D:10)
  7 wights
  28 killer bees (D:11)
  A bullfrog zombie (D:4)
  5 centaur zombies
  9 crimson imps (D:7)
  7 lava snakes (Volcano)
  A quasit (Abyss:2)
  3 hounds
  2 jellies (D:6)
  5 orc priests
  2 bullfrog skeletons
  A human zombie (Crypt:1)
  2 centaur skeletons
  11 hell rats
  8 iguanas
  23 orc wizards
  9 spriggan simulacra (IceCv)
  2 polar bear simulacra (IceCv)
  3 troll simulacra (IceCv)
  A wolf simulacrum (IceCv)
  5 ogre zombies (D:10)
  18 small abominations
  A hound skeleton (D:4)
  20 gnolls
  A howler monkey skeleton (D:6)
  An adder (shapeshifter) (Depths:3)
  14 adders
  4 naga simulacra (IceCv)
  3 river rats
  2 shadow imps (Abyss:2)
  9 white imps
  8 ufetubi
  An iguana zombie (Crypt:1)
  An adder skeleton (D:4)
  3 worms
  3 dart slugs
  62 orcs
  9 ball pythons
  6 bats
  9 endoplasms
  4 giant cockroaches
  6 hobgoblins
  3 jackals (D:1)
  6 quokkas
  3 frilled lizards
  5 goblins
  4 goblin skeletons (D:10)
  2 goblin zombies (D:10)
  A hobgoblin skeleton (D:10)
  A hobgoblin zombie (D:10)
  22 kobolds
  2 orc skeletons (D:10)
  9 orc zombies (D:10)
  6 rats
  11 briar patches (D:14)
  4 starspawn tentacles (Abyss:2)
2202 creatures vanquished.

Vanquished Creatures (collateral kills)
  2 tentacled starspawn
  An Executioner (Snake:2)
  3 rockslimes (Slime:5)
  A deep elf sorcerer (Vaults:5)
  A fire giant (D:14)
  An orc warlord (Orc:1)
  A deep elf elementalist (Elf:3)
  An ironbound preserver (Vaults:4)
  4 quicksilver oozes (Slime:5)
  A deep elf demonologist (Elf:3)
  A minotaur (Lair:2)
  A merfolk javelineer (Shoals:4)
  A salamander tyrant (Snake:3)
  A fire dragon (D:14)
  A naga warrior (Snake:2)
  3 great orbs of eyes
  3 vault guards (Vaults:5)
  3 centaur warriors
  A boulder beetle (D:14)
  A death yak (Lair:6)
  A satyr (Shoals:4)
  A deep troll shaman (Depths:1)
  A spriggan berserker (Depths:3)
  A hell knight (Volcano)
  The ghost of Uluebef the Unseen, a novice OpBr of Dithmenos (Orc:1)
  A salamander mystic (Snake:3)
  3 deep trolls (Vaults:4)
  A naga ritualist (Snake:3)
  2 ugly things
  2 manticores
  2 fauns (Shoals:4)
  A worldbinder (Snake:2)
  2 elephants (Lair:6)
  A black mamba (Lair:6)
  A naga mage (Snake:4)
  An efreet (Abyss:1)
  A cane toad (Lair:6)
  A freezing wraith (Vaults:5)
  A large abomination (Abyss:1)
  3 merfolk (Shoals:4)
  A dream sheep (Lair:5)
  5 slime creatures
  2 blink frogs
  A centaur simulacrum (D:14)
  A water elemental (Shoals:4)
  3 yaks
  A basilisk (Lair:6)
  2 nagas (Snake:4)
  An acid dragon (shapeshifter) (D:14)
  An orc warrior (D:11)
  3 boggarts (Vaults:1)
  2 centaurs (Volcano)
  A kobold brigand (D:6)
  A river rat (shapeshifter) (D:14)
85 creatures vanquished.

Vanquished Creatures (others)
  A deep elf sorcerer (Elf:3)
  A vampire knight (Depths:4)
  A deep elf zephyrmancer (Elf:3)
  A water elemental (Depths:5)
  A naga (Snake:4)
  An orc (D:11)
  3 briar patches (D:14)
  39 fungi
  2 lurking horrors
  86 plants
  9 starspawn tentacles
145 creatures vanquished.

Grand Total: 2432 creatures vanquished

Notes
Turn   | Place    | Note
-------+----------+-------------------------------------------
     0 | D:1      | Decipherer the Minotaur Berserker began the quest for the
                  | Orb.
     0 | D:1      | Reached XP level 1. HP: 19/19 MP: 0/0
   133 | D:1      | Reached XP level 2. HP: 23/27 MP: 1/1
   273 | D:1      | Reached skill level 4 in Fighting
   797 | D:1      | Reached ** piety under Trog
   798 | D:1      | Reached XP level 3. HP: 29/33 MP: 2/2
  1516 | D:2      | Reached XP level 4. HP: 37/41 MP: 3/3
  2048 | D:3      | Reached XP level 5. HP: 41/47 MP: 4/4
  2061 | D:3      | Found a faded altar of an unknown god.
  2133 | D:3      | Reached skill level 5 in Maces & Flails
  2210 | D:3      | Reached skill level 1 in Stealth
  2262 | D:3      | Reached skill level 5 in Fighting
  2286 | D:3      | Reached *** piety under Trog
  2331 | D:3      | Found a glowing drain.
  2347 | Sewer    | Entered a sewer
  3096 | Sewer    | Reached XP level 6. HP: 18/56 MP: 5/5
  4185 | D:4      | Reached XP level 7. HP: 61/61 MP: 6/6
  4422 | D:4      | Found a glowing golden altar of the Shining One.
  4515 | D:4      | Reached skill level 5 in Armour
  4540 | D:4      | Found a staircase to the Ecumenical Temple.
  4748 | D:5      | Entered Level 5 of the Dungeon
  4962 | D:5      | Found Efyiroim's Serpentskin Sales.
  4970 | D:5      | Reached **** piety under Trog
  4982 | D:5      | Reached XP level 8. HP: 70/70 MP: 7/7
  5120 | D:5      | You fall into a shaft and drop 1 floor!
  5199 | D:6      | Reached skill level 6 in Fighting
  5361 | D:6      | Found Esuh's Magic Scroll Emporium.
  5453 | D:6      | Noticed szszszsz's ghost (novice DsFi)
  5455 | D:6      | Found a transporter.
  5455 | D:6      | Noticed a manticore
  5460 | D:6      | Found a transporter.
  5808 | D:6      | Reached skill level 7 in Fighting
  5847 | D:6      | Reached skill level 10 in Maces & Flails
  6124 | D:6      | Found Jewaoj's Armour Shop.
  6130 | D:6      | Bought a +0 pair of gloves for 63 gold pieces
  6646 | D:6      | Reached XP level 9. HP: 46/79 MP: 8/8
  6648 | D:6      | Killed szszszsz's ghost
  6652 | D:6      | Killed a manticore
  7000 | D:7      | Noticed a two-headed ogre
  7010 | D:7      | Killed a two-headed ogre
  7011 | D:7      | Reached skill level 8 in Fighting
  7250 | D:7      | Reached XP level 10. HP: 88/88 MP: 9/9
  7564 | D:8      | Reached ***** piety under Trog
  8011 | D:8      | Noticed a two-headed ogre
  8022 | D:8      | Killed a two-headed ogre
  8023 | D:8      | Reached skill level 9 in Fighting
  8023 | D:8      | Reached skill level 10 in Armour
  8230 | D:8      | Identified 2 scrolls of acquirement
  8233 | D:8      | Acquired 829 gold pieces
  8237 | D:8      | Acquired a manual of Fighting
  8285 | D:6      | Bought a scroll of identify for 24 gold pieces
  8285 | D:6      | Bought a scroll of identify for 24 gold pieces
  8285 | D:6      | Bought a scroll of identify for 24 gold pieces
  8285 | D:6      | Bought a scroll of magic mapping for 42 gold pieces
  8285 | D:6      | Bought a scroll of fear for 42 gold pieces
  8285 | D:6      | Bought a scroll of enchant weapon for 90 gold pieces
  8285 | D:6      | Bought a scroll of teleportation for 36 gold pieces
  8285 | D:6      | Bought a scroll of identify for 24 gold pieces
  8287 | D:6      | Bought a scroll of immolation for 42 gold pieces
  8287 | D:6      | Bought a scroll of torment for 90 gold pieces
  8347 | D:5      | Bought a +0 plate armour of poison resistance for 324 gold
                  | pieces
  9191 | D:9      | Noticed Prince Ribbit
  9459 | D:10     | Entered Level 10 of the Dungeon
  9661 | D:10     | Noticed Maggie
  9671 | D:10     | Killed Maggie
  9672 | D:10     | Reached skill level 10 in Fighting
  9707 | D:10     | Found a flagged portal.
  9723 | Bailey   | Entered a bailey
  9815 | Bailey   | Reached skill level 1 in Throwing
  9873 | Bailey   | Noticed an orc knight
 10236 | Bailey   | Killed an orc knight
 10349 | Bailey   | Reached XP level 11. HP: 100/100 MP: 10/10
 10555 | D:10     | Found a staircase to the Orcish Mines.
 10569 | D:10     | Received a gift from Trog
 10904 | D:10     | Noticed a boulder beetle
 10922 | D:10     | Killed a boulder beetle
 11527 | Orc:1    | Entered Level 1 of the Orcish Mines
 11636 | Orc:1    | Found a runed translucent door.
 11644 | Orc:1    | Noticed an orc sorcerer
 11653 | Orc:1    | Killed an orc sorcerer
 11794 | Orc:1    | Noticed an orc warlord
 11794 | Orc:1    | Noticed Uluebef's ghost (novice OpBr)
 11916 | Orc:1    | Noticed an orc high priest
 11927 | Orc:1    | Banished an orc high priest
 11929 | Orc:1    | Reached skill level 11 in Fighting
 11998 | Orc:1    | You fall into a shaft and drop 1 floor!
 11998 | Orc:2    | Entered Level 2 of the Orcish Mines
 12022 | Orc:2    | Noticed an ogre mage
 12024 | Orc:2    | Noticed a two-headed ogre
 12042 | Orc:2    | Reached skill level 5 in Dodging
 12045 | Orc:2    | Killed a two-headed ogre
 12046 | Orc:2    | Reached skill level 1 in Shields
 12048 | Orc:2    | Found Ehesad's Jewellery Shoppe.
 12048 | Orc:2    | Noticed a two-headed ogre
 12048 | Orc:2    | Noticed a deep troll
 12048 | Orc:2    | Noticed a two-headed ogre
 12052 | Orc:2    | Noticed an ogre mage
 12052 | Orc:2    | Noticed a two-headed ogre
 12262 | Orc:2    | Found a staircase to the Elven Halls.
 12264 | Orc:2    | Found Tuujiman's Overcharged Wands.
 12329 | Orc:2    | Killed an ogre mage
 12332 | Orc:2    | Noticed a deep troll
 12337 | Orc:2    | Killed a deep troll
 12363 | Orc:2    | Killed a deep troll
 12364 | Orc:2    | Reached skill level 5 in Throwing
 12370 | Orc:2    | Reached skill level 12 in Fighting
 12423 | Orc:2    | Reached XP level 12. HP: 112/112 MP: 11/11
 12579 | Orc:2    | Noticed a two-headed ogre
 12582 | Orc:2    | Noticed an ettin
 12586 | Orc:2    | Killed a two-headed ogre
 12587 | Orc:2    | Noticed a two-headed ogre
 12590 | Orc:2    | Killed an ettin
 12593 | Orc:2    | Noticed a two-headed ogre
 12598 | Orc:2    | Reached skill level 15 in Maces & Flails
 12605 | Orc:2    | Killed a two-headed ogre
 12652 | Orc:2    | Killed a two-headed ogre
 13041 | Orc:1    | Noticed a two-headed ogre
 13050 | Orc:1    | Killed a two-headed ogre
 13330 | Orc:1    | Killed Uluebef's ghost
 13335 | Orc:1    | Killed an orc warlord
 13336 | Orc:1    | Reached skill level 13 in Fighting
 13390 | Orc:2    | Killed an ogre mage
 13401 | Orc:2    | Killed a two-headed ogre
 13402 | Orc:2    | Found Fulukh's Jewellery Emporium.
 13406 | Orc:2    | Found Featizu's Magic Scroll Boutique.
 13413 | Orc:2    | Killed a two-headed ogre
 13437 | Orc:2    | Found Afim's Antique Armour Emporium.
 13469 | Orc:2    | Killed a two-headed ogre
 13577 | Orc:2    | Bought the ring "Xace Kea" {rPois rC+ Dex+4} for 678 gold
                  | pieces
 14009 | Orc:2    | Bought the ring of Pessimism {rF+ rN+ Str+3 Dex+2} for 793
                  | gold pieces
 14120 | D:11     | Received a gift from Trog
 14128 | D:11     | Reached XP level 13. HP: 123/123 MP: 12/12
 14274 | D:11     | Reached skill level 14 in Fighting
 15220 | D:11     | Found a staircase to the Lair.
 16163 | D:11     | Gained mutation: Your magical capacity is low. (-10% MP)
                  | [potion of mutation]
 16164 | D:11     | Lost mutation: Your magical capacity is low. (-10% MP)
                  | [potion of mutation]
 16164 | D:11     | Gained mutation: Your muscles are strong. (Str +2) [potion
                  | of mutation]
 16164 | D:11     | Gained mutation: Your spells are a little harder to cast,
                  | but a little more powerful. [potion of mutation]
 16308 | Lair:1   | Entered Level 1 of the Lair of Beasts
 16644 | Lair:1   | Reached skill level 15 in Fighting
 17417 | Lair:1   | Identified the +1 robe "Saweirud" {rN+ Regen+ Str+5}
 17657 | Lair:2   | Noticed a minotaur
 17657 | Lair:2   | Noticed Wuw Late's ghost (journeyman GrEE)
 17692 | Lair:2   | Found a staircase to the Snake Pit.
 17827 | Lair:2   | Found a frozen archway.
 17843 | IceCv    | Entered an ice cave
 18479 | IceCv    | Received a gift from Trog
 18489 | IceCv    | Gained mutation: You occasionally shout uncontrollably at
                  | your foes. [mutagenic glow]
 18571 | IceCv    | Reached XP level 14. HP: 135/135 MP: 13/13
 18800 | IceCv    | Reached skill level 10 in Throwing
 19223 | Lair:2   | Found a runed translucent gate.
 19223 | Lair:2   | Found a runed translucent gate.
 19224 | Lair:2   | Found a runed translucent gate.
 19782 | Lair:2   | Killed Wuw Late's ghost
 19783 | Lair:2   | Reached skill level 5 in Shields
 19855 | Lair:3   | Acquired a manual of Stealth
 20257 | Lair:3   | Identified the +0 robe "Wuixegu" {Harm Str+2 Slay+3}
 21201 | Lair:4   | Found a staircase to the Shoals.
 22049 | Lair:5   | Reached skill level 16 in Fighting
 22486 | Lair:5   | Found a staircase to the Slime Pits.
 22646 | Lair:5   | Found a dark tunnel.
 22661 | Volcano  | Entered a volcano
 22870 | Volcano  | Found a radiant altar of Vehumet.
 23020 | Volcano  | Found a burning altar of Makhleb.
 23375 | Lair:6   | Entered Level 6 of the Lair of Beasts
 23484 | Lair:6   | Received a gift from Trog
 23802 | Lair:6   | Reached XP level 15. HP: 140/145 MP: 14/14
 24482 | Lair:6   | Cast into level 1 of the Abyss (spriggan)
 24499 | Abyss:1  | Noticed a tentacled starspawn
 24506 | Abyss:1  | Killed a tentacled starspawn
 24571 | Abyss:1  | Noticed a tentacled starspawn
 24581 | Abyss:1  | Killed a tentacled starspawn
 24765 | Abyss:2  | Noticed a tentacled starspawn
 24773 | Abyss:2  | Killed a tentacled starspawn
 24842 | Lair:6   | Escaped the Abyss
 25655 | Lair:6   | Found a corrupted altar of Lugonu.
 25655 | Lair:6   | Found a one-way gate to the infinite horrors of the Abyss.
 25672 | Lair:6   | Identified the ring of Eqeminuewn {Ice Str+2}
 26313 | Orc:2    | Bought an amulet of regeneration for 480 gold pieces
 26558 | D:12     | Found Hirr's Antique Weapon Shoppe.
 26573 | D:12     | Found Yrovvaf's Antique Armour Boutique.
 26680 | D:12     | Found Agairaol's Book Boutique.
 26695 | D:12     | Identified the +7 falchion "Haoph" {flame, rElec Will+
                  | Dex+3}
 26753 | D:12     | Noticed a storm dragon
 26767 | D:12     | Killed a storm dragon
 26871 | D:12     | Lost mutation: You occasionally shout uncontrollably at
                  | your foes. [potion of mutation]
 26871 | D:12     | Lost mutation: Your spells are a little harder to cast, but
                  | a little more powerful. [potion of mutation]
 26871 | D:12     | Gained mutation: You are strong-willed. (Will+) [potion of
                  | mutation]
 26871 | D:12     | Gained mutation: You are clumsy. (Dex -2) [potion of
                  | mutation]
 26871 | D:12     | Gained mutation: You have a somewhat thin skeletal
                  | structure. (Dex +2, Stealth+) [potion of mutation]
 26933 | D:12     | Identified the +0 pair of boots of the Vaults {Contam rPois
                  | Dex+3}
 27031 | D:12     | Found Zehaory's Book Shop.
 27785 | D:13     | Reached skill level 17 in Fighting
 28227 | D:14     | Found a transporter.
 28305 | D:14     | Reached skill level 10 in Shields
 28480 | D:14     | Reached XP level 16. HP: 155/155 MP: 15/15
 28595 | D:14     | Found a gate to the Vaults.
 28639 | D:14     | Found a transporter.
 28765 | D:14     | Noticed KARABOGA's ghost (journeyman MiBe)
 28780 | D:14     | Found a transporter.
 28793 | D:14     | Found a transporter.
 29123 | D:14     | Noticed a Brimstone Fiend
 29131 | D:14     | Killed a Brimstone Fiend
 29248 | D:14     | Gained mutation: Armour fits poorly on your strangely
                  | shaped body. [mutagenic glow]
 29257 | D:14     | Gained mutation: You sometimes lose the ability to read
                  | scrolls when taking damage. [mutagenic glow]
 29339 | D:14     | Identified the ring "Xavvoib" {*Corrode Will+ Str+6 Slay+4}
 29549 | D:14     | Killed KARABOGA's ghost
 29552 | D:14     | Reached skill level 15 in Armour
 29661 | D:15     | Entered Level 15 of the Dungeon
 29985 | D:15     | Identified the +3 leather armour of Radulajo {Contam +Blink
                  | Regen+ rCorr}
 30211 | D:15     | Found a staircase to the Depths.
 30968 | Snake:1  | Entered Level 1 of the Snake Pit
 32150 | Snake:1  | Lost mutation: You sometimes lose the ability to read
                  | scrolls when taking damage. [potion of mutation]
 32150 | Snake:1  | Gained mutation: Your mind is acute. (Int +2) [potion of
                  | mutation]
 32238 | Snake:2  | Found a transporter.
 32291 | Snake:2  | Noticed Kala's ghost (journeyman GrEE)
 32306 | Snake:2  | Noticed an Executioner
 32321 | Snake:2  | Found a transporter.
 32340 | Snake:2  | Noticed a tentacled starspawn
 32646 | Snake:2  | Received a gift from Trog
 32714 | Snake:2  | Identified the +0 robe of Noxious Salvation {rN+}
 32912 | Snake:2  | Killed an Executioner
 32919 | Snake:2  | Killed Kala's ghost
 32923 | Snake:2  | Reached XP level 17. HP: 163/163 MP: 16/16
 32939 | Snake:2  | Reached skill level 15 in Throwing
 34439 | Snake:4  | Entered Level 4 of the Snake Pit
 34654 | Snake:4  | Reached skill level 18 in Fighting
 35389 | Snake:4  | Noticed Aizul
 35404 | Snake:4  | Killed Aizul
 35405 | Snake:4  | Reached XP level 18. HP: 172/172 MP: 17/17
 36049 | Snake:4  | Received a gift from Trog
 36217 | Snake:4  | Got a serpentine rune of Zot
 36434 | Shoals:1 | Entered Level 1 of the Shoals
 36616 | Lair:4   | Reached skill level 15 in Shields
 36702 | Shoals:1 | Identified the +0 robe "Hawidon" {+Inv rN+ Dex+4}
 37535 | Shoals:2 | Found a large runed translucent door.
 37535 | Shoals:2 | Found a large runed translucent door.
 37537 | Shoals:2 | Noticed McIrco's ghost (journeyman MiFi)
 38033 | Shoals:3 | Reached ****** piety under Trog
 38259 | Shoals:4 | Entered Level 4 of the Shoals
 38305 | Shoals:4 | Identified the +4 mace of Guilt {vorpal, Fragile rPois
                  | Str+2 Stlth+} (Trog gifted it to you on level 4 of the
                  | Shoals)
 38305 | Shoals:4 | Received a gift from Trog
 38332 | Shoals:4 | Identified the ring "Deqira" {rElec rN+ Int+4}
 38406 | Shoals:4 | Noticed Donald
 38417 | Shoals:4 | Killed Donald
 38525 | Shoals:4 | Got a barnacled rune of Zot
 38533 | Shoals:4 | Identified the +0 scale mail "Asejotak" {Slay+3}
 38588 | Shoals:4 | Reached XP level 19. HP: 181/181 MP: 18/18
 38656 | Shoals:4 | Reached skill level 19 in Fighting
 38734 | Shoals:4 | Noticed Nikola
 38747 | Shoals:4 | Killed Nikola
 38749 | Shoals:4 | Received a gift from Trog
 38933 | Shoals:4 | Identified the +6 long sword of Eternal Vigilance {holy,
                  | rElec Dex+2}
 38935 | Shoals:4 | Identified the +5 plate armour of Fortitude {rF++}
 39305 | Depths:1 | Entered Level 1 of the Depths
 39435 | Depths:1 | Found Xesydd Fock's Distillery.
 39438 | Depths:1 | Bought 2 potions of haste for 300 gold pieces
 39438 | Depths:1 | Bought a potion of might for 60 gold pieces
 39438 | Depths:1 | Bought a potion of curing for 45 gold pieces
 39438 | Depths:1 | Bought a potion of resistance for 150 gold pieces
 39438 | Depths:1 | Bought a potion of curing for 45 gold pieces
 39438 | Depths:1 | Bought a potion of curing for 45 gold pieces
 39438 | Depths:1 | Bought 2 potions of curing for 90 gold pieces
 39642 | Depths:1 | Found a white marble altar of Elyvilon.
 39733 | Depths:1 | Found a glowing golden altar of the Shining One.
 39736 | Depths:1 | Found a glowing silver altar of Zin.
 39809 | Depths:1 | Found a one-way gate leading to the halls of Pandemonium.
 40130 | Depths:1 | Found a gateway to Hell.
 40434 | Depths:2 | Noticed a dread lich
 40653 | Depths:1 | Acquired 927 gold pieces
 40670 | Depths:1 | Killed a dread lich
 41083 | Depths:2 | Got the Guide on Sinister Rituals
 41159 | Depths:2 | Received a gift from Trog
 41356 | Depths:2 | Reached XP level 20. HP: 191/191 MP: 19/19
 41728 | Depths:2 | Identified the +6 quarterstaff of Fedhas's Respect {speed,
                  | Will+}
 42046 | Depths:3 | Noticed a caustic shrike
 42046 | Depths:3 | Noticed a juggernaut
 42058 | Depths:3 | Noticed a golden dragon
 42067 | Depths:3 | Killed a golden dragon
 42095 | Depths:3 | Noticed a golden dragon
 42102 | Depths:3 | Killed a golden dragon
 42107 | Depths:3 | Reached skill level 5 in Stealth
 42195 | Depths:3 | Noticed a golden dragon
 42216 | Depths:3 | Received a gift from Trog
 42273 | Depths:3 | Noticed a golden dragon
 42276 | Depths:3 | Killed a golden dragon
 42366 | Depths:3 | Got the Incunabulum of Hubris
 42740 | Depths:3 | Found a white marble altar of Elyvilon.
 42782 | Depths:3 | Reached XP level 21. HP: 168/200 MP: 20/20
 42901 | Depths:3 | Received a gift from Trog
 43263 | Depths:3 | Reached skill level 1 in Evocations
 43328 | Depths:3 | Killed a caustic shrike
 43381 | Depths:3 | Killed a golden dragon
 43457 | Depths:3 | Identified the +5 short sword of Ymmaic {vorpal, rN+ rCorr}
 43557 | Depths:4 | Reached skill level 20 in Fighting
 43631 | Depths:4 | Found a gateway to a ziggurat.
 43916 | Depths:4 | Reached skill level 10 in Dodging
 43978 | Depths:4 | Lost mutation: Your muscles are strong. (Str +2) [potion of
                  | mutation]
 43978 | Depths:4 | Lost mutation: Your mind is acute. (Int +2) [potion of
                  | mutation]
 43978 | Depths:4 | Lost mutation: You are clumsy. (Dex -2) [potion of
                  | mutation]
 43978 | Depths:4 | Gained mutation: Your body sometimes deteriorates upon
                  | taking damage. [potion of mutation]
 43978 | Depths:4 | Lost mutation: You are strong-willed. (Will+) [potion of
                  | mutation]
 44047 | Depths:4 | Paralysed by a sphinx for 7 turns
 44159 | Depths:4 | Noticed a golden dragon
 44169 | Depths:4 | Killed a golden dragon
 44194 | Depths:4 | Identified the +2 glaive of Luok {flame, rC+ Will+ Str+4
                  | Dex-2}
 44414 | Depths:4 | Reached skill level 10 in Stealth
 44894 | Depths:5 | Entered Level 5 of the Depths
 45002 | Depths:5 | Reached XP level 22. HP: 207/208 MP: 21/21
 45273 | Depths:5 | Found Qicupeady's Book Shop.
 45274 | Depths:5 | Found Baguxiu's Jewellery Emporium.
 45275 | Depths:5 | Found Cathox's Book Shop.
 45354 | Depths:5 | Found a gate to the Realm of Zot.
 46601 | Elf:1    | Entered Level 1 of the Elven Halls
 46608 | Elf:1    | Received a gift from Trog
 46871 | Elf:1    | Noticed Jorgrun
 46877 | Elf:1    | Killed Jorgrun
 47233 | Elf:1    | Noticed Frances
 47238 | Elf:1    | Killed Frances
 47711 | Elf:2    | Received a gift from Trog
 47761 | Elf:2    | Found Tafuces's Antique Weapon Boutique.
 47991 | Elf:2    | Found a portal to a secret trove of treasure.
 48305 | Elf:2    | Found a huge runed translucent gate.
 48305 | Elf:2    | Found a huge runed translucent gate.
 48305 | Elf:2    | Found a huge runed translucent gate.
 48305 | Elf:2    | Found a huge runed translucent gate.
 48433 | Elf:2    | Found a huge runed translucent gate.
 48866 | Elf:2    | Reached XP level 23. HP: 217/217 MP: 22/22
 49037 | Elf:3    | Entered Level 3 of the Elven Halls
 49063 | Elf:3    | Received a gift from Trog
 49314 | Elf:3    | Cast into level 2 of the Abyss (a deep elf sorcerer)
 49314 | Abyss:2  | Found a corrupted altar of Lugonu.
 49350 | Abyss:2  | Found a corrupted altar of Lugonu.
 49713 | Abyss:2  | Gained mutation: You occasionally shout uncontrollably at
                  | your foes. [a neqoxec]
 50102 | Abyss:2  | Received a gift from Trog
 50175 | Abyss:2  | Found a corrupted altar of Lugonu.
 50209 | Elf:3    | Escaped the Abyss
 51013 | Elf:3    | Found a radiant altar of Vehumet.
 51191 | Elf:3    | Identified the +7 flail of Ignis's Generosity {flame, rElec
                  | Will+}
 51275 | Elf:3    | Reached skill level 21 in Fighting
 51371 | Elf:3    | Identified the ring "Uczutuywio" {rElec rC- rN+++ MP+9
                  | SInv}
 51373 | Elf:3    | Identified the +1 leather armour of Ammowuso {Dex+4}
 51613 | Elf:3    | Received a gift from Trog
 51618 | Elf:3    | Paralysed by an air elemental for 1 turns
 51732 | Elf:3    | Identified the +2 spear "Tormentor" {holy, Str+4}
 51732 | Elf:3    | Identified the ring "Xuxas" {rPois rF++}
 51797 | Elf:3    | Identified the +10 fustibalus of Excruciating Pain {vorpal,
                  | Dex+4}
 51802 | Elf:3    | Identified the +0 pair of gloves of the Moon Troll {Int+5}
 51819 | Elf:3    | Got the Reference Book on Dusty Heat
 51887 | Elf:3    | Identified the +0 fustibalus of the Eternal Warrior {flame,
                  | Dex+4}
 51908 | Elf:3    | Identified the +8 hunting sling "Urivukenni" {speed, rF-
                  | rN++ Will+ Dex+2}
 52155 | Orc:2    | Bought a scroll of teleportation for 30 gold pieces
 52155 | Orc:2    | Bought a scroll of fear for 35 gold pieces
 52155 | Orc:2    | Bought a scroll of fog for 20 gold pieces
 52197 | Orc:2    | Bought a wand of digging (15) for 646 gold pieces
 52197 | Orc:2    | Bought a wand of paralysis (25) for 459 gold pieces
 52291 | D:12     | Bought a manual of Fighting for 880 gold pieces
 52365 | Vaults:1 | Entered Level 1 of the Vaults
 52513 | Vaults:1 | Found Buamudy's Weapon Shop.
 52782 | Vaults:1 | Found a runed translucent door.
 52782 | Vaults:1 | Noticed Majang's ghost (veteran FoFi)
 52956 | Vaults:1 | Received a gift from Trog
 53301 | Vaults:1 | Reached XP level 24. HP: 228/228 MP: 22/22
 53551 | Vaults:1 | Identified the ring of Starshine {*Slow +Blink AC+4 Dex+4}
 53569 | Vaults:1 | Killed Majang's ghost
 53578 | Vaults:1 | Identified the ring "Alefrem" {rElec rN+ Slay+5}
 53988 | Vaults:2 | Received a gift from Trog
 54508 | Vaults:2 | Reached skill level 22 in Fighting
 54845 | Vaults:2 | Found the +8 glaive of the Guard {elec, spectral, AC+5}
 55329 | Vaults:3 | Received a gift from Trog
 55921 | Vaults:3 | Identified the +1 quarterstaff of Feral Integrity {freeze,
                  | *Slow Fly rElec rN++}
 56520 | Vaults:3 | Found a staircase to the Crypt.
 56520 | Vaults:3 | Found an ancient bone altar of Kikubaaqudgha.
 56521 | Vaults:3 | Found a basalt altar of Yredelemnul.
 56530 | Vaults:3 | Lost mutation: You occasionally shout uncontrollably at
                  | your foes. [potion of mutation]
 56530 | Vaults:3 | Gained mutation: You are strong-willed. (Will+) [potion of
                  | mutation]
 56802 | Crypt:1  | Entered Level 1 of the Crypt
 56998 | Crypt:1  | Received a gift from Trog
 57270 | Crypt:1  | You fall into a shaft and drop 1 floor!
 57279 | Crypt:2  | Reached skill level 23 in Fighting
 57279 | Crypt:2  | Reached XP level 25. HP: 243/243 MP: 22/22
 57399 | Crypt:1  | Identified the +7 long sword of Cheese {holy, rElec rPois
                  | rF- rC+++}
 58039 | Vaults:4 | Received a gift from Trog
 58399 | Vaults:4 | Identified the +10 mace of Karma {venom, Int-3 Dex+3}
 58641 | Vaults:4 | Found Himomnew's Assorted Antiques.
 58649 | Vaults:4 | Bought a potion of cancellation for 160 gold pieces
 58649 | Vaults:4 | Bought a scroll of blinking for 150 gold pieces
 58649 | Vaults:4 | Bought a scroll of silence for 150 gold pieces
 58649 | Vaults:4 | Bought a scroll of teleportation for 60 gold pieces
 58763 | Vaults:4 | Reached skill level 15 in Dodging
 58993 | Vaults:4 | Received a gift from Trog
 59406 | Vaults:5 | Entered Level 5 of the Vaults
 59431 | Vaults:5 | Noticed a dread lich
 59439 | Vaults:5 | Killed a dread lich
 59479 | Vaults:5 | Reached skill level 24 in Fighting
 59555 | Vaults:5 | Identified the ring of Pobuv {rElec rN+ Int+4}
 59559 | Vaults:5 | Identified the +6 scale mail of Paranoia {Str+4}
 59812 | Vaults:5 | Identified the +0 troll leather armour of Arodum {*Corrode
                  | rN+ Regen+ Int+9 SInv}
 59878 | Vaults:5 | Noticed a dread lich
 59890 | Vaults:5 | Killed a dread lich
 59891 | Vaults:5 | Reached skill level 15 in Stealth
 59908 | Vaults:5 | Reached XP level 26. HP: 245/254 MP: 22/22
 59939 | Vaults:5 | Identified the +2 great sword of Jumeis {vorpal, rElec
                  | rPois rCorr}
 59947 | Vaults:5 | Received a gift from Trog
 59985 | Vaults:5 | Identified the +4 chain mail of Marbles {rElec}
 59986 | Vaults:5 | Noticed an ancient lich
 60002 | Vaults:5 | Killed an ancient lich
 60424 | Vaults:5 | Noticed a dread lich
 60435 | Vaults:5 | Killed a dread lich
 60569 | Vaults:5 | Identified the +7 chain mail of Lesser Demons {Harm Rampage
                  | rF+ Int-3}
 60590 | Vaults:5 | Noticed a dread lich
 60600 | Vaults:5 | Killed a dread lich
 60607 | Vaults:5 | Identified the +12 morningstar of Gravity {vorpal, rF-
                  | Dex+4} (Trog gifted it to you on level 5 of the Vaults)
 60607 | Vaults:5 | Received a gift from Trog
 61038 | Vaults:5 | Got a silver rune of Zot
 61719 | Slime:1  | Entered Level 1 of the Pits of Slime
 61899 | Slime:1  | Gained mutation: Your magical capacity is low. (-10% MP) [a
                  | shining eye]
 62658 | Slime:3  | Gained mutation: Your magical capacity is very low. (-20%
                  | MP) [a shining eye]
 62715 | Slime:3  | Gained mutation: Your spells are a little easier to cast,
                  | but a little less powerful. [a shining eye]
 62720 | Slime:3  | Gained mutation: You are weak. (Str -2) [a shining eye]
 62721 | Slime:3  | Gained mutation: Your body often deteriorates upon taking
                  | damage. [a shining eye]
 62724 | Slime:3  | Gained mutation: You tend to lose your temper in combat. [a
                  | shining eye]
 63881 | Slime:5  | Entered Level 5 of the Pits of Slime
 63928 | Slime:5  | Received a gift from Trog
 63994 | Slime:5  | Found a viscous altar of Jiyva.
 63995 | Slime:5  | Noticed the Royal Jelly
 64091 | Slime:4  | Mangled by a large slime creature

Illustrated notes

Levels and vault maps discovered:
D:1:      nzn_arrival_settlement, layout_rooms
D:2:      layout_basic
D:3:      layout_basic, shapermc_ecumenical_altar_hornbeckon,
          gup_sewer_entry_bubbles
D:4:      layout_basic, lemuel_doored_altar, minmay_temple_entry_butterflies
D:5:      layout_basic, guppyfry_shop_venom
D:6:      layout_basic, gammafunk_ghost_arena, serial_shops,
          nicolae_shop_crystal, nicolae_stop_n_shop_2, hex_tiny,
          minmay_misc_feat_x
D:7:      layout_rooms, minmay_stone_trees_medium, minmay_nine_imps
D:8:      layout_loops_ring
D:9:      layout_stronghold, grunt_ogre_cave, uniq_prince_ribbit1
D:10:     layout_basic, zombieorc1_lemuel, enter_bailey_6,
          kennysheep_generic_room_6, uniq_maggie
D:11:     regret_index_harrowing_hell_hive, layout_cave_pools, erik_lair_dragon
D:12:     minmay_octo_star, layout_cave_pools, serial_shops, shop, shop, shop,
          nicolae_diamond_shop
D:13:     layout_loops_corners
D:14:     gammafunk_worm_tunnel, layout_rooms, david_vaults_4,
          serial_bayou_lagoon_a, gammafunk_ghost_arena,
          chequers_serial_rivers_micro_d
D:15:     hangedman_depths_entry_civil_slaughter, layout_grid_maze,
          minmay_misc_feat_cross
Lair:1:   beast_lair_carwin_large_1, layout_cave_pods, lemuel_fruit_tree
Lair:2:   layout_chaotic_city, guppyfry_snake_entry_island,
          portal_ice_cave_rime, maelrawn_ghost_gauntlet_escape
Lair:3:   layout_regular_city, lemuel_fruit_fields
Lair:4:   layout_cave_pods, minmay_shoals_entry_beasts,
          chequers_serial_rivers_micro_d, nicolae_quartered_pool_medium,
          st_stairs_12
Lair:5:   layout_cave_shapes, slime_dummy, nicolae_volcano_entry_batcave
Lair:6:   hellmonk_lair_end_abyssal_woods, layout_regular_city,
          nicolae_lair_yak_garden, grunt_megastairs_1
Shoals:1: layout_shoals
Shoals:2: layout_shoals, ebering_ghost_disaster_area, shoals_oasis,
          nicolae_shoals_this_corrosion
Shoals:3: layout_shoals, nicolae_shoals_land_atoll
Shoals:4: shoals_end_hellmonk_lost_city, serial_shops, uniq_nikola, uniq_donald
Snake:1:  layout_chambers
Snake:2:  layout_gridlike, gammafunk_ghost_abyssal_escape
Snake:3:  layout_cave_town, drop_trap, grunt_megastairs_5
Snake:4:  grunt_snake_rune_spirals, layout_onion_interference, uniq_aizul
Slime:1:  layout_caves
Slime:2:  layout_caves
Slime:3:  layout_caves
Slime:4:  layout_caves
Slime:5
Orc:1:    nicolae_orc_accident_3, layout_diamond_mine, ebering_ghost_inner_flame
Orc:2:    st_orc_open, layout_caves, nicolae_shop_overcharged_wands
Elf:1:    minmay_elf_arrival_summoners, layout_geoelf_grid,
          hangedman_elven_crosses_minicolossus, uniq_frances, uniq_jorgrun
Elf:2:    elven_hall_of_blades_hangedman_alternative
          [nooodl_blade_entry_preview], layout_loops_corners,
          nicolae_trove_entry_isolated, serial_shops, shop
Elf:3:    minmay_elf_hall_dome, layout_onion_city, basic_altar
Vaults:1: ebering_vaults_ghost_inner_flame, v_misc_10,
          nicolae_vaults_yaktaur_gun_rack, nicolae_vaults_puzzle_piece,
          v_misc_11, nicolae_vaults_theta, v_misc_16, hangedman_vaults_unwind,
          vaults_dpeg_hooks, vaults_dpeg_encased_lava,
          vaults_room_hangedman_quadrants, layout_vaults_maze_snakey,
          serial_shops, nicolae_shop_temple_entry_statues_fountains
Vaults:2: hangedman_vaults_snaps, nicolae_vaults_three_branches,
          hangedman_vaults_capsules, minmay_guarded_unrand_guard_vaults,
          v_pattern_2, v_misc_11, vaults_room_corners,
          nicolae_vaults_little_squares_3, vaults_room_grid,
          grunt_vaults_hallway_long, vaults_room_stairs_pillars,
          layout_vaults_omnicross
Vaults:3: minmay_crypt_entry_necro_gods, nicolae_vaults_network_periphery,
          vaults_room_guarded_vault, hangedman_vaults_slice, v_misc_24,
          v_misc_15, vaults_room_hallway, hangedman_vaults_stagger,
          v_alt_pattern_5, hangedman_vaults_cutoff, hangedman_vaults_slice,
          v_alt_pattern_1, grunt_vaults_hallway_long, layout_vaults_quadrants
Vaults:4: grunt_vaults_trifunnel, v_misc_19, ontoclasm_vaults_bender,
          hangedman_vaults_maws, dpeg_vaults_monster_row, st_octagons_1,
          nicolae_vaults_big_ls, v_misc_8, v_alt_pattern_4,
          ontoclasm_vaults_idyll, layout_vaults_omnibox, serial_shops,
          nicolae_shop_statue_plus
Vaults:5
Crypt:1:  layout_chaotic_city, roderic_lattice_octagonal_star
Crypt:2:  layout_misc_corridors
Depths:1: layout_basic, serial_shops, nicolae_shop_behind_doors,
          good_gods_temple_1, grunt_hell_entry_dis_mu, rand_demon_pan_entry_4,
          kennysheep_generic_room_7, grunt_megastairs_2, serial_bayou_shore_a
Depths:2: minmay_the_grid_four_pointed_star
          [minmay_the_grid_triangle_9x9_skeleton,
          minmay_the_grid_triangle_9x9_steps,
          minmay_the_grid_triangle_9x9_windchime,
          minmay_the_grid_triangle_9x9_longest,
          minmay_the_grid_prize_shrinking_boxes], layout_cave_pools,
          pf_coc_iceberg, special_room [special_room_morgue],
          nicolae_benzene_ring
Depths:3: minmay_complete_graph, layout_gridlike, pan_entry, elyvilon_altar_5,
          grunt_mini_vestibule, minivault_12, minmay_staircase_windowed_small
Depths:4: evilmike_pillar_path, layout_basic, enter_ziggurat_e, abyss_entry,
          pf_dread_powers_of_hell, chequers_serial_rivers_small_a, pan_entry,
          serial_sigils, serial_sigils_hangedman_scratch,
          serial_sigils_hangedman_etch, serial_sigils_hangedman_stare,
          serial_sigils_hangedman_writhe, serial_sigils_hangedman_quiver
Depths:5: grunt_crosshair, layout_gridville, hell_entry,
          grunt_pan_entry_in_and_out, chequers_big_river, serial_bayou_shore_b,
          minmay_shop_grove

Skill      XL: |  1  2  3  4  5  6  7  8  9 10 11 12 13 14 15 16 17 18 19 20 21 22 23 24 25 26 |
---------------+-------------------------------------------------------------------------------+-----
Maces & Flails | 4 5 6 8 10 11 13 14 16 17 18 19 20 21 22 23 | 23.2
Fighting       | 4 5 7 8 10 12 13 15 16 17 18 19 20 21 23 24 | 24.9
Dodging        | 3 4 5 6 7 9 10 12 13 14 15 16 | 16.7
Stealth        | 1 2 3 4 7 10 12 13 14 15 | 15.8
Armour         | 3 4 5 7 9 10 11 12 13 14 15 16 17 18 19 | 19.5
Throwing       | 2 5 9 11 13 14 16 17 18 19 20 21 | 21.5
Shields        | 1 3 4 7 10 12 14 15 17 18 19 20 21 22 23 | 23.5
Evocations     | 1 |  1.9

Action                   |  1- 3 |  4- 6 |  7- 9 | 10-12 | 13-15 | 16-18 | 19-21 | 22-24 | 25-27 || total
-------------------------+-------+-------+-------+-------+-------+-------+-------+-------+-------++-------
Melee: Mace              |    74 |   160 |       |       |       |       |       |       |       ||   234
       Headbutt          |     8 |    29 |    36 |    75 |   245 |   230 |   196 |   428 |   384 ||  1631
       Flail             |       |    14 |   197 |    21 |       |       |       |       |       ||   232
       Morningstar       |       |       |       |   373 |   286 |       |       |       |       ||   659
       Eveningstar       |       |       |       |       |   531 |   767 |   564 |  1229 |   934 ||  4025
Throw: Dart              |       |       |       |   111 |   658 |   443 |       |    15 |    33 ||  1260
       Boomerang         |       |       |       |     5 |   131 |   106 |   608 |   111 |       ||   961
       Javelin           |       |       |       |       |    13 |    71 |       |   164 |    20 ||   268
       Throwing net      |       |       |       |       |       |       |       |       |     2 ||     2
Invok: Berserk           |     1 |     2 |     5 |    14 |    18 |    18 |     7 |    20 |    20 ||   105
       Brothers in Arms  |       |       |     1 |     3 |    16 |    16 |     9 |     5 |    15 ||    65
       Trog's Hand       |       |       |       |       |     2 |     7 |     2 |     5 |     7 ||    23
Evoke: Wand              |       |       |       |     2 |    10 |     2 |     1 |     7 |     2 ||    24
  Use: Scroll            |       |       |       |    26 |    15 |     9 |    10 |     3 |     9 ||    72
       Potion            |       |       |       |     4 |    10 |     4 |     1 |     3 |     5 ||    27
 Stab: Sleeping          |     1 |       |       |       |       |       |       |     1 |       ||     2
       Distracted        |       |       |     1 |       |       |       |       |       |     1 ||     2
       Paralysed         |       |       |       |     3 |       |       |       |       |       ||     3
       Held in net/web   |       |       |       |       |       |       |       |       |     2 ||     2
Armor: Animal skin       |    21 |     1 |       |       |       |       |       |       |       ||    22
       Plate armour      |       |    92 |   118 |   157 |   348 |   287 |   192 |   102 |       ||  1296
       Ice dragon scales |       |       |       |   146 |    18 |       |       |       |       ||   164
       Gold dragon scale |       |       |       |       |       |       |       |   155 |   173 ||   328
Dodge: Dodged            |    63 |    57 |    86 |   212 |   268 |   290 |   158 |   356 |   194 ||  1684
       Repelled          |       |       |       |       |    10 |    54 |    10 |    18 |    12 ||   104
Block: Buckler           |       |       |       |    45 |    64 |       |       |       |       ||   109
       Tower shield      |       |       |       |       |   548 |  1090 |   597 |  1271 |   957 ||  4463

Table legend: (Time is in decaauts)
 A = Elapsed time spent in this place.
 B = Non-inter-level travel time spent in this place.
 C = Inter-level travel time spent in this place.
 D = Time resting spent in this place.
 E = Time spent auto-exploring this place.
 F = Levels seen in this place.
 G = Mean time per level.
                   A        B        C        D        E       F      G
               +--------+--------+--------+--------+--------+-----+--------+
         Total |  64456 |  59375 |   5081 |      0 |  41769 |  58 | 1111.3 |
       Dungeon |  17439 |  15360 |   2079 |      0 |  11707 |  15 | 1162.6 |
          Lair |   8257 |   7593 |    664 |      0 |   6040 |   6 | 1376.2 |
        Shoals |   2709 |   2576 |    133 |      0 |   1799 |   4 |  677.2 |
     Snake Pit |   5473 |   5161 |    312 |      0 |   3670 |   4 | 1368.2 |
    Slime Pits |   2328 |   2277 |     51 |      0 |   1481 |   5 |  465.6 |
  Orcish Mines |   2816 |   2450 |    366 |      0 |   1965 |   2 | 1408.0 |
   Elven Halls |   4563 |   4196 |    367 |      0 |   2681 |   3 | 1521.0 |
        Vaults |   7773 |   7293 |    480 |      0 |   4649 |   5 | 1554.6 |
         Crypt |    910 |    838 |     72 |      0 |    353 |   2 |  455.0 |
        Depths |   7324 |   6770 |    554 |      0 |   4783 |   5 | 1464.8 |
         Abyss |   1267 |   1267 |      0 |      0 |    141 |   3 |  422.3 |
         Sewer |   1118 |   1118 |      0 |      0 |    918 |   1 | 1118.0 |
        Bailey |    796 |    796 |      0 |      0 |    409 |   1 |  796.0 |
      Ice Cave |   1250 |   1250 |      0 |      0 |    911 |   1 | 1250.0 |
       Volcano |    425 |    425 |      0 |      0 |    257 |   1 |  425.0 |
               +--------+--------+--------+--------+--------+-----+--------+

Top non-repeatable levels by time:
    D:11: 2608 daAuts
  Lair:6: 2397 daAuts
   Elf:2: 2048 daAuts
Depths:1: 1855 daAuts
Vaults:3: 1843 daAuts
  Lair:4: 1717 daAuts
Vaults:5: 1667 daAuts
Vaults:4: 1649 daAuts
     D:6: 1635 daAuts
 Snake:4: 1624 daAuts
 Snake:3: 1554 daAuts
   Orc:2: 1548 daAuts
   Elf:3: 1473 daAuts
    D:10: 1462 daAuts
    D:14: 1458 daAuts
